[ AOE2 MATCH · #494958173 ]
UnrankedSpanish vs Aztecs
[ REPLAY ANALYSIS · EXTRACTED FROM THE RECORDED GAME ]
Feudal
14:05
Castle
18:18
Imperial
—
| APM avg | 38.0 |
| APM peak | 74 |
| eAPM avg | 20.1 |
| Villagers / military | 73 / 15 |
Focus
⚔️ 33.9% · 🌾 66.1%
Conquistador ×9 · Fishing Ship ×9 · Monk ×2 · Mangonel ×2 · Battering Ram ×2
Feudal
12:19
Castle
24:59
Imperial
—
| APM avg | 39.7 |
| APM peak | 111 |
| eAPM avg | 19.8 |
| Villagers / military | 66 / 21 |
Focus
⚔️ 45.2% · 🌾 54.8%
Archer ×16 · Monk ×4 · Spearman ×1
Feudal
13:39
Castle
—
Imperial
—
| APM avg | 29.2 |
| APM peak | 58 |
| eAPM avg | 13.4 |
| Villagers / military | 51 / 28 |
Focus
⚔️ 29.9% · 🌾 70.1%
Archer ×25 · Spearman ×3
Feudal
11:11
Castle
22:40
Imperial
—
| APM avg | 19.2 |
| APM peak | 46 |
| eAPM avg | 10.0 |
| Villagers / military | 103 / 13 |
Focus
⚔️ 15.3% · 🌾 84.7%
Scout Cavalry ×5 · Monk ×4 · Knight ×4
Feudal
13:41
Castle
18:52
Imperial
—
| APM avg | 22.1 |
| APM peak | 93 |
| eAPM avg | 12.2 |
| Villagers / military | 79 / 27 |
Focus
⚔️ 39.0% · 🌾 61.0%
Spearman ×15 · Organ Gun ×12
Feudal
12:13
Castle
29:09
Imperial
—
| APM avg | 65.5 |
| APM peak | 135 |
| eAPM avg | 26.4 |
| Villagers / military | 51 / 50 |
Focus
⚔️ 58.3% · 🌾 41.7%
Skirmisher ×30 · Archer ×18 · Spearman ×1 · Battering Ram ×1
Feudal
11:47
Castle
23:41
Imperial
—
| APM avg | 43.1 |
| APM peak | 87 |
| eAPM avg | 23.7 |
| Villagers / military | 83 / 37 |
Focus
⚔️ 37.8% · 🌾 62.2%
Spearman ×20 · Scout Cavalry ×14 · Mangonel ×3
Feudal
11:08
Castle
21:28
Imperial
—
| APM avg | 37.7 |
| APM peak | 61 |
| eAPM avg | 19.1 |
| Villagers / military | 96 / 34 |
Focus
⚔️ 34.4% · 🌾 65.6%
Magyar Huszar ×21 · Scout Cavalry ×12 · Monk ×1
Match map
Initial resources + every placement click. Lines = walls · curves = elevation contours. ◆ gold · ⬟ stone · ● berries · ✦ relic · ◌ wall gap
Your base· Open — unwalled flank
[ECU] Pendeck's's base· Open — 8t gap
Blaze's base· Open — unwalled flank
[ECU] PALADINFRANCO's base· Open — unwalled flank
Dadagama's base· Open — 5t gap
veni's base· Open — 15t gap
YanShiba's base· Open — unwalled flank
儒门大吊-日食's base· Open — unwalled flank
Smoothed initial terrain · ◌ = detected wall gap · hover for details
Inputs per minute
— Spank~ - - [ECU] Pendeck's
Build order — Spank~
First 150 of 168 actions detected
| 0:24 | Build | Town Center |
| 0:40 | Build | House |
| 0:41 | Build | House |
| 2:45 | Queue | Villager (Male) |
| 2:45 | Queue | Villager (Male) |
| 2:45 | Queue | Villager (Male) |
| 3:02 | Queue | Villager (Male) |
| 3:02 | Queue | Villager (Male) |
| 3:18 | Build | Lumber Camp |
| 4:20 | Queue | Villager (Male) |
| 4:20 | Queue | Villager (Male) |
| 4:40 | Queue | Villager (Male) |
| 4:40 | Queue | Villager (Male) |
| 5:09 | Queue | Villager (Male) |
| 5:09 | Queue | Villager (Male) |
| 5:26 | Research | Loom |
| 5:27 | Research | Loom |
| 5:28 | Queue | Villager (Male) |
| 5:28 | Queue | Villager (Male) |
| 6:05 | Queue | Villager (Male) |
| 6:05 | Queue | Villager (Male) |
| 6:19 | Queue | Villager (Male) |
| 6:19 | Queue | Villager (Male) |
| 6:37 | Build | House |
| 6:41 | Build | Palisade Wall |
| 6:47 | Build | House |
| 7:16 | Queue | Villager (Male) |
| 7:56 | Queue | Villager (Male) |
| 8:13 | Queue | Villager (Male) |
| 8:28 | Build | Mill |
| 8:31 | Queue | Villager (Male) |
| 8:45 | Queue | Villager (Male) |
| 8:52 | Queue | Villager (Male) |
| 9:03 | Queue | Villager (Male) |
| 9:56 | Queue | Villager (Male) |
| 10:26 | Queue | Villager (Male) |
| 10:50 | Build | Mining Camp |
| 11:13 | Research | Feudal Age |
| 11:13 | Research | Feudal Age |
| 11:17 | Queue | Villager (Male) |
| 11:22 | Build | House |
| 11:24 | Build | Palisade Wall |
| 11:32 | Build | Palisade Wall |
| 11:47 | Research | Feudal Age |
| 11:47 | Research | Feudal Age |
| 11:53 | Build | Palisade Wall |
| 11:54 | Build | Palisade Wall |
| 12:38 | Build | Outpost |
| 12:47 | Queue | Villager (Male) |
| 12:47 | Queue | Villager (Male) |
| 13:01 | Build | Outpost |
| 13:07 | Build | Palisade Wall |
| 13:08 | Build | Palisade Wall |
| 13:09 | Build | Palisade Wall |
| 13:20 | Build | Palisade Wall |
| 13:59 | Build | Palisade Wall |
| 14:05 | Age | Feudal Age |
| 14:06 | Build | Market |
| 14:08 | Build | Blacksmith |
| 15:38 | Research | Castle Age |
| 15:38 | Research | Castle Age |
| 16:07 | Research | Double-Bit Axe |
| 16:07 | Research | Double-Bit Axe |
| 17:29 | Queue | Villager (Male) |
| 17:35 | Build | Dock |
| 18:05 | Queue | Fishing Ship |
| 18:18 | Age | Castle Age |
| 18:21 | Build | Castle |
| 18:30 | Research | Fletching |
| 18:30 | Research | Fletching |
| 18:58 | Queue | Villager (Male) |
| 18:58 | Queue | Villager (Male) |
| 19:08 | Queue | Villager (Male) |
| 19:14 | Queue | Villager (Male) |
| 19:24 | Queue | Villager (Male) |
| 19:44 | Queue | Fishing Ship |
| 20:01 | Queue | Villager (Male) |
| 20:11 | Queue | Fishing Ship |
| 20:15 | Build | Town Center |
| 20:41 | Queue | Villager (Male) |
| 20:52 | Queue | Conquistador |
| 21:36 | Queue | Fishing Ship |
| 21:38 | Build | Fish Trap |
| 21:41 | Queue | Villager (Male) |
| 21:57 | Queue | Conquistador |
| 21:57 | Queue | Conquistador |
| 21:59 | Queue | Villager (Male) |
| 22:01 | Build | Farm |
| 22:02 | Queue | Fishing Ship |
| 22:57 | Queue | Conquistador |
| 23:01 | Build | Siege Workshop |
| 23:11 | Build | Fish Trap |
| 23:17 | Build | Dock |
| 23:17 | Queue | Villager (Male) |
| 23:19 | Queue | Villager (Male) |
| 23:20 | Queue | Villager (Male) |
| 23:21 | Queue | Villager (Male) |
| 23:34 | Build | Mining Camp |
| 23:54 | Queue | Fishing Ship |
| 23:56 | Queue | Villager (Male) |
| 23:56 | Queue | Villager (Male) |
| 24:09 | Queue | Battering Ram |
| 24:09 | Queue | Battering Ram |
| 24:18 | Build | Fish Trap |
| 24:33 | Queue | Villager (Male) |
| 24:40 | Build | Fish Trap |
| 25:18 | Queue | Conquistador |
| 25:19 | Queue | Conquistador |
| 25:20 | Queue | Conquistador |
| 25:26 | Queue | Villager (Male) |
| 25:26 | Queue | Villager (Male) |
| 25:45 | Queue | Conquistador |
| 26:15 | Queue | Villager (Male) |
| 26:16 | Queue | Mangonel |
| 26:18 | Queue | Villager (Male) |
| 26:19 | Queue | Villager (Male) |
| 26:28 | Queue | Fishing Ship |
| 26:41 | Build | Mining Camp |
| 26:48 | Build | Town Center |
| 26:49 | Queue | Villager (Male) |
| 26:49 | Queue | Villager (Male) |
| 26:50 | Queue | Villager (Male) |
| 27:12 | Build | Mining Camp |
| 27:21 | Build | Monastery |
| 27:28 | Queue | Mangonel |
| 27:38 | Queue | Villager (Male) |
| 27:38 | Queue | Villager (Male) |
| 27:45 | Build | Fish Trap |
| 27:57 | Queue | Villager (Male) |
| 27:57 | Queue | Villager (Male) |
| 28:24 | Queue | Conquistador |
| 28:33 | Build | Farm |
| 28:34 | Queue | Fishing Ship |
| 28:36 | Queue | Fishing Ship |
| 28:37 | Build | Fish Trap |
| 28:47 | Queue | Monk |
| 28:56 | Queue | Villager (Male) |
| 28:57 | Queue | Villager (Male) |
| 28:58 | Build | House |
| 29:23 | Build | Fish Trap |
| 29:24 | Queue | Villager (Male) |
| 29:32 | Queue | Monk |
| 29:34 | Build | Farm |
| 30:03 | Queue | Villager (Male) |
| 30:09 | Build | Fish Trap |
| 30:10 | Build | Fish Trap |
| 30:11 | Build | Fish Trap |
| 30:12 | Queue | Villager (Male) |
| 30:13 | Queue | Villager (Male) |
| 30:31 | Build | Farm |
Build order — [ECU] Pendeck's
140 actions detected in the replay
| 0:05 | Build | Town Center |
| 2:04 | Build | House |
| 2:34 | Queue | Villager (Male) |
| 2:34 | Queue | Villager (Male) |
| 2:34 | Queue | Villager (Male) |
| 2:35 | Queue | Villager (Male) |
| 2:35 | Queue | Villager (Male) |
| 3:53 | Queue | Villager (Male) |
| 3:53 | Queue | Villager (Male) |
| 4:23 | Queue | Villager (Male) |
| 4:23 | Queue | Villager (Male) |
| 5:10 | Build | Lumber Camp |
| 5:12 | Queue | Villager (Male) |
| 5:13 | Queue | Villager (Male) |
| 5:32 | Build | House |
| 5:34 | Research | Loom |
| 5:46 | Queue | Villager (Male) |
| 5:46 | Queue | Villager (Male) |
| 6:17 | Queue | Villager (Male) |
| 6:17 | Queue | Villager (Male) |
| 6:25 | Queue | Villager (Male) |
| 6:25 | Queue | Villager (Male) |
| 6:49 | Queue | Villager (Male) |
| 6:50 | Queue | Villager (Male) |
| 7:10 | Queue | Villager (Male) |
| 7:11 | Queue | Villager (Male) |
| 7:19 | Build | House |
| 7:24 | Build | House |
| 8:21 | Build | Mill |
| 8:22 | Queue | Villager (Male) |
| 8:24 | Queue | Villager (Male) |
| 8:59 | Build | House |
| 9:16 | Build | Mill |
| 9:18 | Queue | Villager (Male) |
| 9:38 | Queue | Villager (Male) |
| 10:09 | Research | Feudal Age |
| 11:39 | Build | Barracks |
| 11:47 | Queue | Villager (Male) |
| 11:47 | Queue | Villager (Male) |
| 12:18 | Queue | Villager (Male) |
| 12:19 | Age | Feudal Age |
| 12:51 | Build | Archery Range |
| 12:53 | Queue | Villager (Male) |
| 13:08 | Queue | Villager (Male) |
| 13:10 | Queue | Villager (Male) |
| 13:15 | Research | Double-Bit Axe |
| 13:23 | Build | House |
| 13:29 | Queue | Spearman |
| 13:32 | Queue | Archer |
| 13:36 | Queue | Villager (Male) |
| 13:38 | Build | House |
| 13:51 | Queue | Archer |
| 13:53 | Queue | Villager (Male) |
| 14:03 | Build | Mining Camp |
| 14:18 | Queue | Villager (Male) |
| 14:50 | Queue | Villager (Male) |
| 15:07 | Queue | Villager (Male) |
| 15:10 | Build | Blacksmith |
| 15:11 | Queue | Archer |
| 15:12 | Queue | Archer |
| 15:15 | Build | House |
| 15:35 | Queue | Villager (Male) |
| 15:43 | Build | Mill |
| 15:49 | Queue | Archer |
| 15:58 | Queue | Villager (Male) |
| 15:59 | Queue | Villager (Male) |
| 16:03 | Build | House |
| 16:06 | Research | Fletching |
| 16:06 | Research | Fletching |
| 16:21 | Queue | Villager (Male) |
| 16:23 | Build | Outpost |
| 16:27 | Queue | Archer |
| 16:36 | Research | Padded Archer Armor |
| 16:39 | Queue | Villager (Male) |
| 16:44 | Build | Watch Tower |
| 16:54 | Build | House |
| 17:00 | Queue | Archer |
| 17:06 | Queue | Villager (Male) |
| 17:06 | Queue | Villager (Male) |
| 17:09 | Queue | Archer |
| 17:28 | Queue | Archer |
| 17:30 | Queue | Villager (Male) |
| 17:39 | Queue | Archer |
| 17:43 | Queue | Villager (Male) |
| 17:44 | Build | Mining Camp |
| 18:07 | Queue | Archer |
| 18:28 | Queue | Archer |
| 18:35 | Queue | Archer |
| 18:45 | Queue | Archer |
| 18:50 | Build | Watch Tower |
| 19:26 | Queue | Villager (Male) |
| 19:29 | Research | Town Watch |
| 19:34 | Build | House |
| 19:40 | Build | House |
| 19:42 | Queue | Villager (Male) |
| 19:59 | Queue | Villager (Male) |
| 20:05 | Queue | Archer |
| 20:08 | Build | House |
| 20:14 | Queue | Villager (Male) |
| 20:17 | Queue | Archer |
| 20:22 | Build | Market |
| 20:26 | Queue | Villager (Male) |
| 20:50 | Queue | Villager (Male) |
| 21:00 | Queue | Villager (Male) |
| 21:09 | Queue | Villager (Male) |
| 21:16 | Queue | Villager (Male) |
| 21:38 | Build | Watch Tower |
| 21:43 | Build | Watch Tower |
| 21:44 | Queue | Villager (Male) |
| 21:47 | Build | House |
| 21:49 | Build | Palisade Wall |
| 21:51 | Build | House |
| 21:52 | Build | Palisade Wall |
| 22:19 | Research | Castle Age |
| 23:48 | Build | Mining Camp |
| 24:14 | Queue | Villager (Male) |
| 24:55 | Build | House |
| 24:59 | Age | Castle Age |
| 24:59 | Build | Stone Wall |
| 25:00 | Build | Stone Wall |
| 25:10 | Build | Palisade Wall |
| 25:45 | Queue | Villager (Male) |
| 25:47 | Build | Monastery |
| 26:10 | Queue | Villager (Male) |
| 26:39 | Build | Town Center |
| 26:43 | Queue | Villager (Male) |
| 26:45 | Queue | Monk |
| 26:58 | Queue | Villager (Male) |
| 27:33 | Build | Town Center |
| 27:41 | Queue | Monk |
| 28:17 | Research | Redemption |
| 28:45 | Queue | Villager (Male) |
| 28:47 | Build | Lumber Camp |
| 28:58 | Queue | Villager (Male) |
| 29:06 | Queue | Monk |
| 29:34 | Queue | Villager (Male) |
| 29:57 | Queue | Villager (Male) |
| 30:11 | Queue | Villager (Male) |
| 30:11 | Queue | Villager (Male) |
| 30:13 | Queue | Monk |
Build order — Blaze
121 actions detected in the replay
| 0:11 | Build | Town Center |
| 0:21 | Build | House |
| 0:27 | Build | Lumber Camp |
| 2:22 | Queue | Villager (Male) ×4 |
| 3:48 | Queue | Villager (Male) |
| 3:48 | Queue | Villager (Male) |
| 4:09 | Build | House |
| 4:10 | Queue | Villager (Male) |
| 4:15 | Build | House |
| 4:32 | Queue | Villager (Male) |
| 5:22 | Queue | Villager (Male) |
| 5:40 | Queue | Villager (Male) |
| 5:55 | Build | Lumber Camp |
| 6:08 | Build | House |
| 6:28 | Queue | Villager (Male) |
| 6:29 | Queue | Villager (Male) |
| 6:32 | Build | House |
| 6:45 | Build | House |
| 6:56 | Build | House |
| 7:11 | Queue | Villager (Male) |
| 7:20 | Queue | Villager (Male) |
| 7:23 | Build | House |
| 7:43 | Build | Mill |
| 8:07 | Queue | Villager (Male) |
| 8:31 | Queue | Villager (Male) |
| 8:57 | Queue | Villager (Male) |
| 9:11 | Research | Loom |
| 9:18 | Build | House |
| 9:18 | Build | House |
| 9:49 | Queue | Villager (Male) |
| 9:57 | Build | Mining Camp |
| 10:33 | Queue | Villager (Male) |
| 11:25 | Build | House |
| 11:29 | Research | Feudal Age |
| 11:42 | Build | Barracks |
| 12:55 | Build | Palisade Wall |
| 12:56 | Build | Palisade Wall |
| 12:59 | Build | Palisade Wall |
| 13:00 | Build | Palisade Wall |
| 13:08 | Queue | Villager (Male) |
| 13:13 | Build | Lumber Camp |
| 13:39 | Age | Feudal Age |
| 13:43 | Queue | Spearman |
| 13:43 | Queue | Spearman |
| 13:44 | Queue | Villager (Male) |
| 13:54 | Queue | Villager (Male) |
| 14:00 | Build | Palisade Wall |
| 14:02 | Build | Palisade Wall |
| 14:08 | Queue | Villager (Male) |
| 14:14 | Research | Double-Bit Axe |
| 14:53 | Queue | Villager (Male) |
| 15:05 | Research | Wheelbarrow |
| 15:18 | Queue | Villager (Male) |
| 15:23 | Build | Archery Range |
| 15:25 | Build | Archery Range |
| 15:34 | Queue | Villager (Male) |
| 15:58 | Build | House |
| 16:01 | Build | Palisade Wall |
| 16:08 | Queue | Villager (Male) |
| 16:11 | Queue | Villager (Male) |
| 16:14 | Queue | Archer |
| 16:16 | Queue | Archer |
| 16:47 | Build | Lumber Camp |
| 16:51 | Queue | Archer |
| 16:51 | Queue | Archer |
| 16:53 | Queue | Villager (Male) |
| 17:24 | Queue | Villager (Male) |
| 17:26 | Queue | Archer |
| 17:26 | Queue | Archer |
| 17:59 | Build | Blacksmith |
| 18:18 | Queue | Villager (Male) |
| 18:25 | Queue | Spearman |
| 18:54 | Queue | Villager (Male) |
| 19:01 | Queue | Archer |
| 19:01 | Queue | Archer |
| 19:28 | Queue | Villager (Male) |
| 19:34 | Build | Palisade Wall |
| 19:35 | Build | Palisade Wall |
| 19:44 | Queue | Archer |
| 19:44 | Queue | Archer |
| 20:19 | Queue | Villager (Male) |
| 20:28 | Queue | Villager (Male) |
| 20:50 | Queue | Villager (Male) |
| 21:12 | Queue | Villager (Male) |
| 21:15 | Queue | Archer ×3 |
| 21:58 | Queue | Villager (Male) |
| 22:01 | Build | Farm |
| 22:04 | Build | Farm |
| 22:04 | Build | Farm |
| 22:04 | Build | Farm |
| 22:04 | Build | Farm |
| 22:11 | Queue | Villager (Male) |
| 22:20 | Build | Farm |
| 22:58 | Build | Farm |
| 23:05 | Queue | Archer |
| 23:05 | Queue | Archer |
| 23:07 | Queue | Villager (Male) |
| 23:18 | Build | Farm |
| 23:30 | Queue | Villager (Male) |
| 23:39 | Build | Market |
| 23:43 | Build | Palisade Wall |
| 23:46 | Queue | Villager (Male) |
| 23:52 | Build | Farm |
| 24:10 | Build | House |
| 24:46 | Research | Fletching |
| 25:02 | Build | Palisade Wall |
| 25:35 | Queue | Villager (Male) |
| 26:28 | Queue | Villager (Male) |
| 26:38 | Queue | Villager (Male) ×5 |
| 26:53 | Queue | Archer ×5 |
| 27:00 | Build | Watch Tower |
| 27:34 | Queue | Archer ×5 |
| 27:39 | Research | Padded Archer Armor |
| 28:33 | Build | Lumber Camp |
| 28:42 | Build | House |
| 28:42 | Build | House |
| 28:44 | Build | House |
| 28:50 | Research | Town Watch |
| 29:03 | Queue | Villager (Male) |
| 29:42 | Build | Lumber Camp |
| 29:56 | Queue | Villager (Male) |
Build order — [ECU] PALADINFRANCO
First 150 of 207 actions detected
| 0:36 | Build | Town Center |
| 0:52 | Build | House |
| 2:46 | Queue | Villager (Male) |
| 2:46 | Queue | Villager (Male) |
| 2:46 | Queue | Villager (Male) |
| 2:46 | Queue | Villager (Male) |
| 3:26 | Queue | Villager (Male) |
| 4:00 | Queue | Villager (Male) |
| 4:00 | Queue | Villager (Male) |
| 4:00 | Queue | Villager (Male) |
| 4:04 | Build | House |
| 4:57 | Build | Mill |
| 5:07 | Queue | Villager (Male) |
| 5:07 | Queue | Villager (Male) |
| 5:30 | Queue | Villager (Male) |
| 5:30 | Queue | Villager (Male) |
| 5:56 | Queue | Villager (Male) |
| 5:56 | Queue | Villager (Male) |
| 6:01 | Queue | Villager (Male) |
| 6:01 | Queue | Villager (Male) |
| 6:06 | Build | House |
| 6:41 | Queue | Villager (Male) |
| 7:28 | Queue | Villager (Male) |
| 7:29 | Research | Loom |
| 8:47 | Research | Feudal Age |
| 9:41 | Build | Barracks |
| 9:49 | Build | Barracks |
| 11:03 | Build | House |
| 11:11 | Age | Feudal Age |
| 11:15 | Build | Stable |
| 11:16 | Queue | Villager (Male) |
| 11:26 | Queue | Villager (Male) |
| 11:31 | Research | Double-Bit Axe |
| 11:38 | Build | House |
| 11:42 | Queue | Villager (Male) |
| 12:07 | Queue | Scout Cavalry |
| 12:08 | Queue | Scout Cavalry |
| 12:08 | Queue | Scout Cavalry |
| 12:20 | Queue | Villager (Male) |
| 12:20 | Queue | Villager (Male) |
| 12:53 | Queue | Villager (Male) |
| 13:13 | Build | Blacksmith |
| 13:16 | Queue | Villager (Male) |
| 13:23 | Queue | Scout Cavalry |
| 13:25 | Queue | Villager (Male) |
| 13:45 | Queue | Villager (Male) |
| 13:57 | Build | Farm |
| 14:01 | Build | Farm |
| 14:11 | Research | Scale Barding Armor |
| 14:11 | Queue | Villager (Male) |
| 14:22 | Queue | Villager (Male) |
| 14:27 | Build | Farm |
| 14:33 | Build | Farm |
| 14:41 | Queue | Villager (Male) |
| 14:47 | Queue | Villager (Male) |
| 15:12 | Queue | Villager (Male) |
| 15:12 | Queue | Villager (Male) |
| 15:18 | Build | House |
| 15:26 | Build | House |
| 15:27 | Build | House |
| 15:37 | Queue | Villager (Male) |
| 15:39 | Queue | Villager (Male) |
| 16:11 | Build | Farm |
| 16:12 | Queue | Scout Cavalry |
| 16:15 | Build | Farm |
| 16:21 | Build | Mule Cart |
| 16:22 | Queue | Villager (Male) |
| 16:34 | Build | House |
| 17:02 | Queue | Villager (Male) |
| 17:09 | Build | House |
| 17:40 | Build | House |
| 17:59 | Queue | Villager (Male) |
| 18:16 | Build | Stable |
| 18:59 | Build | Farm |
| 19:02 | Queue | Villager (Male) |
| 19:16 | Build | Farm |
| 19:28 | Build | House |
| 19:32 | Queue | Villager (Male) |
| 20:00 | Research | Castle Age |
| 20:00 | Research | Castle Age |
| 20:04 | Build | Farm |
| 20:36 | Research | Bloodlines |
| 21:26 | Research | Gold Mining |
| 22:06 | Research | Wheelbarrow |
| 22:40 | Age | Castle Age |
| 22:48 | Build | Town Center |
| 22:55 | Queue | Villager (Male) |
| 22:59 | Queue | Villager (Male) |
| 23:02 | Research | Town Watch |
| 23:08 | Research | Husbandry |
| 23:08 | Queue | Knight |
| 23:18 | Queue | Knight |
| 23:18 | Queue | Knight |
| 23:19 | Queue | Knight |
| 23:37 | Queue | Villager (Male) |
| 23:49 | Queue | Villager (Male) |
| 23:49 | Queue | Villager (Male) |
| 23:59 | Queue | Villager (Male) |
| 23:59 | Queue | Villager (Male) |
| 24:19 | Queue | Villager (Male) |
| 24:19 | Queue | Villager (Male) |
| 24:19 | Queue | Villager (Male) |
| 24:26 | Build | Market |
| 24:35 | Queue | Villager (Male) |
| 24:36 | Queue | Villager (Male) |
| 24:37 | Queue | Villager (Male) |
| 24:37 | Queue | Villager (Male) |
| 24:54 | Queue | Villager (Male) |
| 24:55 | Queue | Villager (Male) |
| 25:10 | Queue | Villager (Male) |
| 25:18 | Queue | Villager (Male) |
| 25:19 | Queue | Villager (Male) |
| 25:34 | Queue | Villager (Male) |
| 25:36 | Build | Town Center |
| 25:52 | Build | Monastery |
| 25:59 | Build | Farm |
| 26:00 | Queue | Villager (Male) |
| 26:02 | Queue | Villager (Male) |
| 26:04 | Build | Farm |
| 26:16 | Queue | Villager (Male) |
| 26:17 | Queue | Villager (Male) |
| 26:17 | Queue | Villager (Male) |
| 26:18 | Queue | Villager (Male) |
| 26:20 | Queue | Villager (Male) |
| 26:26 | Build | Town Center |
| 26:30 | Build | Farm |
| 26:31 | Queue | Villager (Male) |
| 26:31 | Queue | Monk |
| 26:32 | Queue | Monk |
| 26:32 | Queue | Monk |
| 26:33 | Queue | Monk |
| 26:45 | Queue | Villager (Male) |
| 26:45 | Queue | Villager (Male) |
| 27:02 | Build | Farm |
| 27:03 | Queue | Villager (Male) |
| 27:05 | Build | Farm |
| 27:13 | Queue | Villager (Male) |
| 27:26 | Queue | Villager (Male) |
| 27:31 | Build | Farm |
| 27:33 | Build | Farm |
| 27:36 | Build | Farm |
| 27:38 | Queue | Villager (Male) |
| 27:38 | Queue | Villager (Male) |
| 27:43 | Queue | Villager (Male) |
| 27:54 | Queue | Villager (Male) |
| 28:14 | Queue | Villager (Male) |
| 28:19 | Build | Farm |
| 28:19 | Queue | Villager (Male) |
| 28:34 | Build | Farm |
| 28:34 | Queue | Villager (Male) |
Build order — Dadagama
112 actions detected in the replay
| 0:19 | Build | Town Center |
| 2:38 | Build | House |
| 2:51 | Queue | Villager (Male) ×4 |
| 2:51 | Queue | Villager (Male) ×4 |
| 3:49 | Build | Lumber Camp |
| 4:29 | Queue | Villager (Male) |
| 4:43 | Build | House |
| 4:44 | Build | House |
| 4:56 | Research | Loom |
| 5:19 | Queue | Villager (Male) |
| 5:19 | Queue | Villager (Male) |
| 5:43 | Queue | Villager (Male) |
| 5:43 | Queue | Villager (Male) |
| 6:10 | Queue | Villager (Male) |
| 6:10 | Queue | Villager (Male) |
| 6:39 | Queue | Villager (Male) |
| 6:39 | Queue | Villager (Male) |
| 7:14 | Queue | Villager (Male) |
| 7:14 | Queue | Villager (Male) |
| 7:20 | Queue | Villager (Male) |
| 7:20 | Queue | Villager (Male) |
| 7:36 | Build | House |
| 7:58 | Queue | Villager (Male) |
| 7:59 | Queue | Villager (Male) |
| 8:20 | Queue | Villager (Male) |
| 9:07 | Build | House |
| 9:17 | Queue | Villager (Male) |
| 9:22 | Build | Mill |
| 9:47 | Queue | Villager (Male) |
| 9:51 | Queue | Villager (Male) |
| 10:23 | Queue | Villager (Male) |
| 11:06 | Queue | Villager (Male) |
| 11:22 | Research | Feudal Age |
| 12:09 | Queue | Villager (Male) |
| 12:09 | Queue | Villager (Male) |
| 12:09 | Queue | Villager (Male) |
| 12:19 | Build | House |
| 12:25 | Build | House |
| 12:26 | Build | House |
| 12:43 | Queue | Villager (Male) |
| 12:43 | Queue | Villager (Male) |
| 12:55 | Build | Mill |
| 13:41 | Age | Feudal Age |
| 13:52 | Build | Market |
| 13:55 | Build | Blacksmith |
| 13:57 | Queue | Villager (Male) |
| 15:25 | Queue | Villager (Male) |
| 15:25 | Queue | Villager (Male) |
| 15:38 | Build | House |
| 15:52 | Research | Castle Age |
| 16:06 | Build | Mining Camp |
| 16:26 | Build | House |
| 16:27 | Build | House |
| 16:31 | Build | Palisade Wall |
| 16:58 | Queue | Villager (Male) |
| 16:58 | Queue | Villager (Male) |
| 17:01 | Research | Double-Bit Axe |
| 18:04 | Queue | Villager (Male) |
| 18:04 | Queue | Villager (Male) |
| 18:21 | Build | Mining Camp |
| 18:52 | Age | Castle Age |
| 20:03 | Queue | Villager (Male) |
| 20:03 | Queue | Villager (Male) |
| 20:12 | Research | Gold Mining |
| 20:14 | Research | Bow Saw |
| 20:40 | Build | Castle |
| 20:43 | Build | Mining Camp |
| 21:07 | Build | Town Center |
| 21:10 | Queue | Villager (Male) ×5 |
| 22:13 | Build | House |
| 22:22 | Queue | Villager (Male) ×5 |
| 22:43 | Queue | Organ Gun |
| 23:11 | Build | Mill |
| 23:29 | Queue | Villager (Male) ×3 |
| 23:30 | Queue | Organ Gun ×2 |
| 23:53 | Queue | Villager (Male) ×2 |
| 24:15 | Queue | Organ Gun |
| 24:15 | Queue | Organ Gun |
| 24:27 | Queue | Organ Gun |
| 24:31 | Queue | Villager (Male) ×3 |
| 24:40 | Build | Mill |
| 25:02 | Build | Farm |
| 25:04 | Build | Farm |
| 25:07 | Build | Farm |
| 25:31 | Build | Barracks |
| 25:33 | Queue | Villager (Male) ×3 |
| 25:36 | Queue | Organ Gun |
| 25:54 | Queue | Villager (Male) |
| 27:00 | Queue | Organ Gun ×5 |
| 27:01 | Queue | Villager (Male) ×5 |
| 27:06 | Research | Pikeman (upgrade) |
| 27:06 | Queue | Spearman ×5 |
| 27:12 | Build | House |
| 27:13 | Build | House |
| 27:15 | Build | House |
| 27:18 | Build | House |
| 27:43 | Build | Barracks |
| 27:50 | Research | Scale Mail Armor |
| 27:50 | Research | Forging |
| 28:08 | Build | Barracks |
| 28:43 | Queue | Spearman ×5 |
| 28:47 | Build | Barracks |
| 28:49 | Build | House |
| 29:32 | Build | Town Center |
| 29:44 | Queue | Spearman ×4 |
| 30:18 | Queue | Villager (Male) ×5 |
| 30:27 | Build | Farm |
| 30:29 | Build | Farm |
| 30:33 | Build | Farm |
| 30:36 | Queue | Villager (Male) ×4 |
| 30:42 | Queue | Spearman |
| 32:30 | Build | Castle |
Build order — veni
First 150 of 180 actions detected
| 0:32 | Build | Town Center |
| 1:51 | Build | House |
| 2:33 | Queue | Villager (Male) |
| 2:33 | Queue | Villager (Male) |
| 2:34 | Queue | Villager (Male) |
| 2:34 | Queue | Villager (Male) |
| 3:46 | Queue | Villager (Male) |
| 3:50 | Build | House |
| 3:52 | Build | Lumber Camp |
| 4:28 | Queue | Villager (Male) |
| 4:42 | Queue | Villager (Male) |
| 5:07 | Queue | Villager (Male) |
| 5:42 | Build | House |
| 5:52 | Research | Loom |
| 5:56 | Queue | Villager (Male) |
| 6:18 | Queue | Villager (Male) |
| 6:44 | Queue | Villager (Male) |
| 7:06 | Build | House |
| 7:14 | Queue | Villager (Male) |
| 7:17 | Queue | Villager (Male) |
| 7:35 | Build | House |
| 7:36 | Build | House |
| 7:42 | Queue | Villager (Male) |
| 8:21 | Build | Mill |
| 8:28 | Queue | Villager (Male) |
| 8:29 | Queue | Villager (Male) |
| 9:34 | Queue | Villager (Male) |
| 10:03 | Research | Feudal Age |
| 10:03 | Research | Feudal Age |
| 10:47 | Build | Barracks |
| 11:15 | Build | Mining Camp |
| 11:25 | Queue | Villager (Male) |
| 12:13 | Build | Palisade Wall |
| 12:13 | Age | Feudal Age |
| 12:18 | Build | Archery Range |
| 12:19 | Queue | Villager (Male) |
| 12:22 | Research | Town Watch |
| 12:34 | Research | Double-Bit Axe |
| 12:34 | Research | Double-Bit Axe |
| 12:49 | Build | House |
| 12:59 | Queue | Villager (Male) |
| 13:03 | Queue | Archer |
| 13:10 | Queue | Archer |
| 13:19 | Build | Outpost |
| 13:25 | Build | Outpost |
| 13:27 | Queue | Villager (Male) |
| 13:31 | Queue | Villager (Male) |
| 13:49 | Build | House |
| 14:00 | Queue | Archer |
| 14:05 | Queue | Villager (Male) |
| 14:08 | Build | Blacksmith |
| 14:18 | Queue | Spearman |
| 14:46 | Queue | Archer |
| 14:47 | Queue | Villager (Male) |
| 15:04 | Build | Mill |
| 15:09 | Build | Archery Range |
| 15:11 | Research | Fletching |
| 15:12 | Queue | Archer |
| 15:13 | Queue | Villager (Male) |
| 15:14 | Queue | Villager (Male) |
| 15:21 | Build | Palisade Wall |
| 15:28 | Build | Palisade Gate |
| 15:33 | Queue | Archer |
| 15:47 | Build | Palisade Gate |
| 15:53 | Build | Palisade Wall |
| 15:56 | Build | Palisade Gate |
| 16:19 | Queue | Villager (Male) |
| 16:20 | Queue | Villager (Male) |
| 16:38 | Queue | Villager (Male) |
| 16:45 | Research | Horse Collar |
| 16:50 | Build | Farm |
| 16:52 | Build | Farm |
| 16:54 | Queue | Archer |
| 16:54 | Queue | Archer |
| 17:01 | Queue | Villager (Male) |
| 17:20 | Build | Palisade Gate |
| 17:36 | Research | Padded Archer Armor |
| 17:36 | Research | Padded Archer Armor |
| 17:42 | Build | Palisade Gate |
| 18:04 | Queue | Villager (Male) |
| 18:05 | Build | Farm |
| 18:24 | Build | Farm |
| 18:24 | Queue | Villager (Male) |
| 18:40 | Build | Mining Camp |
| 18:46 | Build | House |
| 18:47 | Queue | Villager (Male) |
| 19:00 | Queue | Villager (Male) |
| 19:01 | Queue | Archer |
| 19:32 | Queue | Villager (Male) |
| 19:37 | Research | Gold Mining |
| 19:37 | Research | Gold Mining |
| 19:38 | Queue | Villager (Male) |
| 19:45 | Queue | Archer |
| 19:45 | Queue | Archer |
| 19:50 | Build | House |
| 19:50 | Build | House |
| 20:33 | Queue | Villager (Male) |
| 21:01 | Queue | Archer |
| 21:02 | Queue | Archer |
| 21:02 | Queue | Archer |
| 21:11 | Queue | Archer |
| 21:11 | Queue | Archer |
| 21:14 | Build | Farm |
| 21:14 | Build | Farm |
| 21:16 | Build | Farm |
| 21:26 | Queue | Villager (Male) |
| 21:34 | Research | Wheelbarrow |
| 21:34 | Queue | Villager (Male) |
| 21:38 | Build | Farm |
| 21:51 | Build | Farm |
| 21:52 | Build | Farm |
| 21:58 | Build | House |
| 22:17 | Build | Farm |
| 22:20 | Build | Farm |
| 22:33 | Queue | Villager (Male) |
| 22:37 | Queue | Archer |
| 22:37 | Queue | Archer |
| 23:07 | Queue | Villager (Male) |
| 23:08 | Queue | Skirmisher |
| 23:08 | Queue | Skirmisher |
| 23:11 | Queue | Villager (Male) |
| 23:36 | Build | Market |
| 23:44 | Queue | Skirmisher |
| 23:44 | Queue | Skirmisher |
| 24:02 | Queue | Skirmisher |
| 24:02 | Queue | Skirmisher |
| 24:04 | Queue | Villager (Male) |
| 24:35 | Queue | Skirmisher |
| 24:56 | Queue | Skirmisher |
| 24:56 | Queue | Skirmisher |
| 24:56 | Queue | Skirmisher |
| 25:11 | Build | House |
| 25:54 | Queue | Skirmisher |
| 26:29 | Research | Castle Age |
| 26:29 | Research | Castle Age |
| 26:47 | Queue | Skirmisher |
| 26:48 | Queue | Skirmisher |
| 26:49 | Build | Archery Range |
| 26:53 | Build | Archery Range |
| 27:07 | Queue | Skirmisher |
| 27:07 | Queue | Skirmisher |
| 27:10 | Queue | Villager (Male) |
| 27:31 | Queue | Skirmisher |
| 28:11 | Build | House |
| 28:12 | Build | House |
| 29:09 | Age | Castle Age |
| 29:12 | Build | Castle |
| 29:14 | Research | Bodkin Arrow |
| 29:14 | Research | Bodkin Arrow |
| 29:15 | Research | Elite Skirmisher (upgrade) |
Build order — YanShiba
First 150 of 226 actions detected
| 0:06 | Build | Town Center |
| 2:29 | Build | House |
| 2:32 | Queue | Villager (Male) |
| 2:32 | Queue | Villager (Male) |
| 2:32 | Queue | Villager (Male) |
| 2:33 | Queue | Villager (Male) |
| 3:44 | Queue | Villager (Male) |
| 3:44 | Queue | Villager (Male) |
| 4:00 | Build | House |
| 4:28 | Build | Lumber Camp |
| 4:29 | Queue | Villager (Male) |
| 4:29 | Queue | Villager (Male) |
| 4:44 | Queue | Villager (Male) |
| 4:44 | Queue | Villager (Male) |
| 4:56 | Queue | Villager (Male) |
| 4:57 | Queue | Villager (Male) |
| 4:59 | Build | House |
| 5:21 | Queue | Villager (Male) |
| 5:22 | Queue | Villager (Male) |
| 5:40 | Queue | Villager (Male) |
| 5:40 | Queue | Villager (Male) |
| 6:12 | Queue | Villager (Male) |
| 6:12 | Queue | Villager (Male) |
| 6:43 | Queue | Villager (Male) |
| 6:43 | Queue | Villager (Male) |
| 6:54 | Build | Mill |
| 7:14 | Build | House |
| 7:21 | Queue | Villager (Male) |
| 7:45 | Build | House |
| 8:12 | Queue | Villager (Male) |
| 8:36 | Build | House |
| 8:47 | Queue | Villager (Male) |
| 9:24 | Build | House |
| 9:37 | Research | Feudal Age |
| 9:38 | Research | Feudal Age |
| 9:41 | Build | House |
| 10:00 | Research | Loom |
| 10:45 | Build | Barracks |
| 11:34 | Build | Palisade Wall |
| 11:39 | Build | Palisade Wall |
| 11:47 | Age | Feudal Age |
| 11:48 | Build | Palisade Wall |
| 11:56 | Build | Stable |
| 12:00 | Queue | Villager (Male) |
| 12:01 | Queue | Villager (Male) |
| 12:18 | Research | Double-Bit Axe |
| 12:18 | Research | Double-Bit Axe |
| 12:22 | Queue | Villager (Male) |
| 12:29 | Build | Palisade Wall |
| 12:42 | Build | House |
| 12:44 | Queue | Scout Cavalry |
| 12:45 | Queue | Scout Cavalry |
| 12:53 | Build | House |
| 12:56 | Build | Palisade Wall |
| 12:56 | Build | Palisade Wall |
| 12:58 | Queue | Spearman |
| 13:10 | Queue | Scout Cavalry |
| 13:12 | Queue | Villager (Male) |
| 13:16 | Build | Palisade Gate |
| 13:29 | Queue | Scout Cavalry |
| 13:40 | Queue | Scout Cavalry |
| 13:41 | Queue | Scout Cavalry |
| 13:55 | Queue | Scout Cavalry |
| 13:58 | Queue | Villager (Male) |
| 13:58 | Queue | Villager (Male) |
| 13:59 | Queue | Villager (Male) |
| 13:59 | Queue | Villager (Male) |
| 14:02 | Build | Palisade Wall |
| 14:12 | Queue | Villager (Male) |
| 14:20 | Build | Outpost |
| 14:23 | Build | Blacksmith |
| 14:31 | Queue | Scout Cavalry |
| 14:44 | Build | Market |
| 15:01 | Build | Farm |
| 15:01 | Build | Farm |
| 15:01 | Build | Farm |
| 15:02 | Build | Farm |
| 15:02 | Build | Farm |
| 15:11 | Queue | Villager (Male) |
| 15:11 | Queue | Villager (Male) |
| 15:20 | Build | Farm |
| 15:21 | Build | Farm |
| 15:22 | Queue | Villager (Male) |
| 15:28 | Queue | Villager (Male) |
| 15:46 | Queue | Villager (Male) |
| 15:48 | Build | Farm |
| 15:49 | Build | Farm |
| 15:52 | Queue | Villager (Male) |
| 15:56 | Queue | Villager (Male) |
| 15:58 | Build | Farm |
| 16:14 | Queue | Villager (Male) |
| 16:16 | Build | Farm |
| 16:17 | Build | Farm |
| 16:31 | Queue | Villager (Male) |
| 16:43 | Build | Mining Camp |
| 16:56 | Queue | Villager (Male) |
| 17:07 | Build | Lumber Camp |
| 17:22 | Queue | Villager (Male) |
| 17:26 | Build | Farm |
| 17:38 | Queue | Scout Cavalry |
| 17:41 | Build | House |
| 17:41 | Build | House |
| 17:46 | Queue | Villager (Male) |
| 17:46 | Queue | Villager (Male) |
| 17:51 | Build | Watch Tower |
| 17:52 | Queue | Scout Cavalry |
| 17:53 | Queue | Scout Cavalry |
| 17:57 | Queue | Scout Cavalry |
| 18:02 | Queue | Villager (Male) |
| 18:02 | Queue | Villager (Male) |
| 18:05 | Build | House |
| 18:06 | Build | House |
| 18:25 | Build | Watch Tower |
| 18:26 | Queue | Scout Cavalry |
| 18:26 | Queue | Scout Cavalry |
| 18:44 | Queue | Spearman |
| 18:53 | Queue | Spearman |
| 19:16 | Build | Palisade Wall |
| 19:20 | Build | Palisade Wall |
| 19:38 | Queue | Villager (Male) |
| 19:42 | Build | Farm |
| 19:59 | Build | Farm |
| 20:01 | Queue | Villager (Male) |
| 20:04 | Build | Farm |
| 20:31 | Build | Farm |
| 20:32 | Build | Farm |
| 20:45 | Build | Watch Tower |
| 21:01 | Research | Castle Age |
| 21:02 | Research | Castle Age |
| 21:12 | Build | House |
| 21:14 | Build | House |
| 21:36 | Build | Palisade Wall |
| 22:35 | Build | Palisade Gate |
| 22:38 | Build | Palisade Wall |
| 23:11 | Queue | Villager (Male) |
| 23:11 | Queue | Villager (Male) |
| 23:16 | Research | Gold Mining |
| 23:16 | Research | Gold Mining |
| 23:18 | Research | Horse Collar |
| 23:18 | Research | Horse Collar |
| 23:35 | Queue | Spearman |
| 23:41 | Age | Castle Age |
| 23:42 | Research | Scale Mail Armor |
| 23:50 | Queue | Spearman |
| 24:04 | Build | Siege Workshop |
| 24:14 | Queue | Spearman |
| 24:17 | Queue | Villager (Male) |
| 24:23 | Queue | Spearman |
| 24:36 | Build | Farm |
| 24:36 | Build | Farm |
Build order — 儒门大吊-日食
First 150 of 227 actions detected
| 0:10 | Build | Town Center |
| 2:06 | Build | House |
| 2:17 | Queue | Villager (Male) ×4 |
| 2:17 | Queue | Villager (Male) |
| 3:29 | Queue | Villager (Male) |
| 4:10 | Queue | Villager (Male) |
| 4:20 | Build | House |
| 4:23 | Queue | Villager (Male) |
| 5:11 | Queue | Villager (Male) |
| 5:12 | Queue | Villager (Male) |
| 5:12 | Queue | Villager (Male) |
| 5:22 | Queue | Villager (Male) |
| 5:30 | Build | Palisade Wall |
| 5:35 | Build | Palisade Wall |
| 5:43 | Queue | Villager (Male) |
| 6:01 | Build | Mill |
| 6:14 | Queue | Villager (Male) |
| 6:28 | Build | House |
| 7:14 | Queue | Villager (Male) |
| 7:42 | Build | Lumber Camp |
| 7:42 | Queue | Villager (Male) |
| 7:46 | Build | House |
| 7:52 | Queue | Villager (Male) |
| 8:00 | Queue | Villager (Male) |
| 8:04 | Queue | Villager (Male) |
| 8:58 | Research | Feudal Age |
| 8:58 | Research | Feudal Age |
| 9:30 | Build | House |
| 10:16 | Build | Barracks |
| 10:37 | Queue | Villager (Male) |
| 11:00 | Queue | Villager (Male) |
| 11:08 | Age | Feudal Age |
| 11:10 | Build | Stable |
| 11:13 | Queue | Villager (Male) |
| 11:30 | Queue | Villager (Male) |
| 11:36 | Research | Double-Bit Axe |
| 11:36 | Research | Double-Bit Axe |
| 11:46 | Queue | Scout Cavalry |
| 11:46 | Queue | Scout Cavalry |
| 11:58 | Queue | Scout Cavalry |
| 12:12 | Build | House |
| 12:16 | Queue | Scout Cavalry |
| 12:32 | Queue | Scout Cavalry |
| 12:42 | Build | Mill |
| 12:43 | Queue | Villager (Male) |
| 12:58 | Queue | Villager (Male) |
| 13:12 | Research | Loom |
| 13:27 | Queue | Scout Cavalry |
| 13:42 | Queue | Scout Cavalry |
| 13:45 | Build | House |
| 13:57 | Queue | Villager (Male) |
| 14:00 | Queue | Scout Cavalry |
| 14:08 | Queue | Scout Cavalry |
| 14:17 | Queue | Villager (Male) |
| 14:24 | Build | Farm |
| 14:24 | Build | Farm |
| 14:25 | Build | Farm |
| 14:25 | Build | Farm |
| 14:32 | Queue | Scout Cavalry |
| 14:35 | Build | House |
| 14:55 | Queue | Villager (Male) |
| 14:59 | Build | Farm |
| 15:00 | Build | Farm |
| 15:02 | Build | House |
| 15:12 | Queue | Villager (Male) |
| 15:26 | Queue | Villager (Male) |
| 15:28 | Queue | Villager (Male) |
| 15:36 | Queue | Villager (Male) |
| 15:50 | Build | House |
| 16:07 | Queue | Villager (Male) |
| 16:27 | Queue | Villager (Male) |
| 16:32 | Build | Mill |
| 16:39 | Queue | Villager (Male) |
| 16:42 | Build | Farm |
| 16:44 | Build | Farm |
| 16:54 | Queue | Villager (Male) |
| 17:02 | Build | Outpost |
| 17:03 | Build | Outpost |
| 17:05 | Research | Town Watch |
| 17:26 | Queue | Villager (Male) |
| 17:37 | Queue | Villager (Male) |
| 17:43 | Build | Blacksmith |
| 18:14 | Build | House |
| 18:16 | Queue | Villager (Male) |
| 18:48 | Research | Castle Age |
| 19:11 | Build | House |
| 19:12 | Research | Scale Barding Armor |
| 19:35 | Research | Bloodlines |
| 19:35 | Research | Bloodlines |
| 19:59 | Queue | Scout Cavalry |
| 20:57 | Queue | Scout Cavalry |
| 21:14 | Queue | Villager (Male) |
| 21:28 | Age | Castle Age |
| 21:32 | Queue | Villager (Male) |
| 21:37 | Build | Monastery |
| 21:53 | Queue | Villager (Male) |
| 21:55 | Queue | Villager (Male) |
| 22:05 | Queue | Villager (Male) |
| 22:07 | Research | Bow Saw |
| 22:17 | Research | Chain Barding Armor |
| 22:17 | Research | Chain Barding Armor |
| 22:30 | Build | Town Center |
| 22:31 | Queue | Monk |
| 22:38 | Queue | Villager (Male) |
| 22:59 | Queue | Villager (Male) |
| 23:01 | Queue | Villager (Male) |
| 23:41 | Queue | Villager (Male) |
| 24:01 | Research | Horse Collar |
| 24:14 | Queue | Villager (Male) |
| 24:15 | Queue | Villager (Male) |
| 24:20 | Queue | Villager (Male) |
| 24:21 | Queue | Villager (Male) |
| 24:34 | Build | Castle |
| 24:47 | Queue | Villager (Male) |
| 24:47 | Queue | Villager (Male) |
| 24:54 | Queue | Villager (Male) |
| 24:55 | Queue | Villager (Male) |
| 24:56 | Build | Mill |
| 25:09 | Research | Heavy Plow |
| 25:09 | Research | Heavy Plow |
| 25:30 | Build | Farm |
| 25:31 | Build | Farm |
| 25:31 | Build | Farm |
| 25:31 | Build | Farm |
| 25:41 | Queue | Villager (Male) |
| 25:49 | Build | Mill |
| 26:04 | Queue | Villager (Male) |
| 26:29 | Queue | Villager (Male) |
| 26:30 | Queue | Villager (Male) |
| 26:34 | Build | Farm |
| 26:45 | Build | Farm |
| 26:46 | Build | Farm |
| 26:53 | Queue | Magyar Huszar |
| 26:53 | Queue | Magyar Huszar |
| 26:54 | Queue | Magyar Huszar |
| 26:54 | Queue | Magyar Huszar |
| 26:56 | Queue | Villager (Male) |
| 27:02 | Build | Lumber Camp |
| 27:17 | Queue | Villager (Male) |
| 27:32 | Build | Outpost |
| 27:33 | Build | Outpost |
| 27:38 | Queue | Villager (Male) |
| 27:47 | Build | Farm |
| 27:47 | Build | Farm |
| 27:48 | Build | Farm |
| 27:48 | Build | Farm |
| 27:53 | Build | Farm |
| 27:55 | Queue | Villager (Male) ×5 |
| 28:02 | Build | Farm |
| 28:10 | Queue | Magyar Huszar |
Match timeline
| 5:30 | 儒门大吊-日食 · wall_segment Palisade Wall x1 |
| 5:35 | 儒门大吊-日食 · wall_segment Palisade Wall x1 |
| 6:41 | Spank~ · wall_segment Palisade Wall x10 |
| 9:41 | [ECU] PALADINFRANCO · first_building Barracks |
| 10:16 | 儒门大吊-日食 · first_building Barracks |
| 10:45 | YanShiba · first_building Barracks |
| 10:47 | veni · first_building Barracks |
| 11:08 | 儒门大吊-日食 · age_up feudal |
| 11:10 | 儒门大吊-日食 · first_building Stable |
| 11:11 | [ECU] PALADINFRANCO · age_up feudal |
| 11:15 | [ECU] PALADINFRANCO · first_building Stable |
| 11:24 | Spank~ · wall_segment Palisade Wall x9 |
| 11:32 | Spank~ · wall_segment Palisade Wall x3 |
| 11:34 | YanShiba · wall_segment Palisade Wall x5 |
| 11:39 | [ECU] Pendeck's · first_building Barracks |
| 11:39 | YanShiba · wall_segment Palisade Wall x9 |
| 11:42 | Blaze · first_building Barracks |
| 11:47 | YanShiba · age_up feudal |
| 11:48 | YanShiba · wall_segment Palisade Wall x2 |
| 11:53 | Spank~ · wall_segment Palisade Wall x1 |
| 11:54 | Spank~ · wall_segment Palisade Wall x1 |
| 11:56 | YanShiba · first_building Stable |
| 12:13 | veni · wall_segment Palisade Wall x10 |
| 12:13 | veni · age_up feudal |
| 12:18 | veni · first_building Archery Range |
| 12:19 | [ECU] Pendeck's · age_up feudal |
| 12:29 | YanShiba · wall_segment Palisade Wall x9 |
| 12:51 | [ECU] Pendeck's · first_building Archery Range |
| 12:55 | Blaze · wall_segment Palisade Wall x1 |
| 12:56 | YanShiba · wall_segment Palisade Wall x3 |
| 12:56 | Blaze · wall_segment Palisade Wall x1 |
| 12:56 | YanShiba · wall_segment Palisade Wall x1 |
| 12:59 | Blaze · wall_segment Palisade Wall x1 |
| 13:00 | Blaze · wall_segment Palisade Wall x1 |
| 13:07 | Spank~ · wall_segment Palisade Wall x3 |
| 13:08 | Spank~ · wall_segment Palisade Wall x2 |
| 13:09 | Spank~ · wall_segment Palisade Wall x1 |
| 13:20 | Spank~ · wall_segment Palisade Wall x4 |
| 13:39 | Blaze · age_up feudal |
| 13:41 | Dadagama · age_up feudal |
| 13:59 | Spank~ · wall_segment Palisade Wall x1 |
| 14:00 | Blaze · wall_segment Palisade Wall x1 |
| 14:02 | YanShiba · wall_segment Palisade Wall x4 |
| 14:02 | Blaze · wall_segment Palisade Wall x1 |
| 14:05 | Spank~ · age_up feudal |
| 15:15 | Dadagama · tribute_sent a jugador 1 |
| 15:15 | Dadagama · tribute_sent a jugador 2 |
| 15:15 | Dadagama · tribute_sent a jugador 3 |
| 15:15 | Dadagama · tribute_sent a jugador 4 |
| 15:15 | Dadagama · tribute_sent a jugador 6 |
| 15:15 | Dadagama · tribute_sent a jugador 7 |
| 15:15 | Dadagama · tribute_sent a jugador 8 |
| 15:21 | veni · wall_segment Palisade Wall x1 |
| 15:23 | Blaze · first_building Archery Range |
| 15:32 | Spank~ · first_market_sell 100 stone |
| 15:53 | veni · wall_segment Palisade Wall x1 |
| 16:01 | Blaze · wall_segment Palisade Wall x1 |
| 16:31 | Dadagama · wall_segment Palisade Wall x1 |
| 17:29 | Dadagama · tribute_sent a jugador 1 |
| 17:29 | Dadagama · tribute_sent a jugador 2 |
| 17:29 | Dadagama · tribute_sent a jugador 3 |
| 17:29 | Dadagama · tribute_sent a jugador 4 |
| 17:29 | Dadagama · tribute_sent a jugador 6 |
| 17:29 | Dadagama · tribute_sent a jugador 7 |
| 17:29 | Dadagama · tribute_sent a jugador 8 |
| 17:35 | Spank~ · first_building Dock |
| 18:18 | Spank~ · age_up castle |
| 18:21 | Spank~ · first_building Castle |
| 18:52 | Dadagama · age_up castle |
| 19:16 | YanShiba · wall_segment Palisade Wall x7 |
| 19:20 | YanShiba · wall_segment Palisade Wall x9 |
| 19:34 | Blaze · wall_segment Palisade Wall x1 |
| 19:35 | Blaze · wall_segment Palisade Wall x1 |
| 20:15 | YanShiba · first_market_buy 100 food |
| 20:40 | Dadagama · first_building Castle |
| 20:51 | Dadagama · first_market_buy 100 stone |
| 20:52 | Spank~ · first_market_buy 100 food |
| 21:28 | 儒门大吊-日食 · age_up castle |
| 21:34 | [ECU] Pendeck's · first_market_buy 100 stone |
| 21:36 | YanShiba · wall_segment Palisade Wall x4 |
| 21:37 | 儒门大吊-日食 · first_building Monastery |
| 21:49 | [ECU] Pendeck's · wall_segment Palisade Wall x1 |
| 21:52 | [ECU] Pendeck's · wall_segment Palisade Wall x1 |
| 21:57 | [ECU] Pendeck's · first_market_sell 100 wood |
| 22:38 | YanShiba · wall_segment Palisade Wall x1 |
| 22:40 | [ECU] PALADINFRANCO · age_up castle |
| 23:01 | Spank~ · first_building Siege Workshop |
| 23:41 | YanShiba · age_up castle |
| 23:43 | Blaze · wall_segment Palisade Wall x4 |
| 24:04 | YanShiba · first_building Siege Workshop |
| 24:34 | 儒门大吊-日食 · first_building Castle |
| 24:59 | [ECU] Pendeck's · age_up castle |
| 24:59 | [ECU] Pendeck's · wall_segment Stone Wall x1 |
| 25:00 | [ECU] Pendeck's · wall_segment Stone Wall x1 |
| 25:02 | Blaze · wall_segment Palisade Wall x2 |
| 25:10 | [ECU] Pendeck's · wall_segment Palisade Wall x1 |
| 25:31 | Dadagama · first_building Barracks |
| 25:40 | [ECU] PALADINFRANCO · first_market_buy 100 wood |
| 25:47 | [ECU] Pendeck's · first_building Monastery |
| 25:52 | [ECU] PALADINFRANCO · first_building Monastery |
| 27:21 | Spank~ · first_building Monastery |
| 27:35 | veni · first_market_buy 500 stone |
| 27:36 | veni · first_market_sell 500 wood |
| 29:09 | veni · age_up castle |
| 29:12 | veni · first_building Castle |
| 30:36 | Blaze · resign |
| 30:37 | [ECU] PALADINFRANCO · first_building Castle |
| 31:10 | veni · first_building Siege Workshop |
| 31:19 | Spank~ · first_building Barracks |
| 32:09 | Spank~ · first_building Stable |
[ AI ANALYSIS · 1 CREDIT ]
What really happened in this match?
Wolo.gg analyzes every decision: build order, eco, micro, common mistakes by bracket. Personalized analysis on WhatsApp or Discord in 30 seconds.
Civ guide
Spanish
Perfil
Jugador #2637531